 Dungeon Crawl Stone Soup version 0.29.1-2-gbd0b4ee654 (webtiles) character file.

Game seed: 18111694682908867645

67 GorkyZ the Trooper (level 3, -2/29 HPs)
             Began as a Demonspawn Fighter on Nov 19, 2022.
             Slain by Natasha (8 damage)
             ... on level 2 of the Dungeon.
             The game lasted 00:03:37 (1649 turns).

GorkyZ the Trooper (Demonspawn Fighter)             Turns: 1649, Time: 00:03:37

Health: -2/29      AC:  7    Str: 18    XL:     3   Next: 98%
Magic:  3/3        EV:  9    Int:  9    God:
Gold:   81         SH:  4    Dex: 12    Spells: 2/2 levels left

rFire   . . .      SeeInvis .   h - +0 demon trident (pain)
rCold   . . .      Faith    .   c - +0 buckler
rNeg    . . .      Spirit   .   b - +0 scale mail
rPois   .          Reflect  .   (no helmet)
rElec   .          Harm     .   (no cloak)
rCorr   .          Rampage  .   (no gloves)
Will    .....                   e - +0 pair of boots
Stlth   ..........              (no amulet)
HPRegen 0.09/turn               (no ring)
MPRegen 0.08/turn               (no ring)

@: no status effects
A: demonic touch 1
a: no special abilities


You were on level 2 of the Dungeon.
You visited 1 branch of the dungeon, and saw 2 of its levels.

You collected 81 gold pieces.

Inventory:

Hand Weapons
 a - a +0 trident
 h - a +0 demon trident of pain (weapon)
Missiles
 j - 4 poisoned darts (quivered)
Armour
 b - a +0 scale mail (worn)
 c - a +0 buckler (worn)
 e - a +0 pair of boots (worn)
Scrolls
 g - 4 scrolls of identify {unknown}
 k - 2 scrolls of magic mapping {unknown}
Potions
 d - 2 potions of might
 f - a potion of attraction {unknown}
 i - a potion of magic {unknown}


   Skills:
 + Level 3.3 Fighting
 + Level 2.2 Polearms
 + Level 1.0 Throwing
 + Level 3.0 Armour
 + Level 3.1 Shields
 + Level 1.2 Evocations


You had 2 spell levels left.
You didn't know any spells.
Your spell library was empty.

Dungeon Overview and Level Annotations

Branches:
Dungeon (2/15)

Altars:
Dithmenos

Annotations:
D:2 Natasha


Innate Abilities, Weirdness & Mutations

Your touch may inflict minor irresistible damage on your foes.


Message History

You barely miss the iron imp.
The iron imp is severely wounded.
The iron imp barely misses you. Natasha claws you.
You are too injured to fight recklessly!
You are too injured to fight recklessly!
You are too injured to fight recklessly!
You are too injured to fight recklessly!
You are too injured to fight recklessly!
You are too injured to fight recklessly!
You are too injured to fight recklessly!
You are too injured to fight recklessly!
You are too injured to fight recklessly!
You are too injured to fight recklessly!
You are too injured to fight recklessly!
You are too injured to fight recklessly!
You are too injured to fight recklessly!
You are too injured to fight recklessly!
You are too injured to fight recklessly!
You barely miss Natasha. Natasha claws you but does no damage.
The iron imp hits you but does no damage.
Natasha completely misses you. The iron imp hits you.
Unknown command.
You barely miss Natasha. Natasha barely misses you.
The iron imp barely misses you.
You barely miss Natasha. Natasha barely misses you.
The iron imp picks up a beetle and eats it.
The iron imp barely misses you.
You closely miss Natasha. Natasha claws you but does no damage.
The iron imp shouts, "Get thee hence, thou vain ill-nurtured slime mould!"
The iron imp hits you but does no damage.
You puncture Natasha!
Natasha is severely wounded.
Natasha stares at you and mumbles some strange words.
The magic dart hits you.
* * * LOW HITPOINT WARNING * * *
You block Natasha's attack. You block the iron imp's attack.
You closely miss Natasha.
Natasha is severely wounded.
Natasha claws you!
You die...

###########
..........###
#.#####'#...####### #.##
##.###.......#
#(.###...###.####.#
##'##.....##'## #.#
##.5h##...##...###..
##.##..@..##.##.....##.#
.'''....†.†'''.......#'#
##.##.....##)##.....##.#
##...##...##...##...
##'##.....##'##....
#...##...##...##...
#.... ##.##.....##.#
#...<. #'#...)...#+#
##.....##.##.....##.#


You could see an iron imp (summoned) and Natasha.

Vanquished Creatures
  Natasha (D:2)
  An adder (D:2)
  3 dart slugs
  4 endoplasms (D:1)
  A giant cockroach (D:1)
  2 goblins
  A hobgoblin (D:1)
  5 kobolds (D:1)
  A quokka (D:1)
  A ball python (D:1)
  3 bats
  2 frilled lizards (D:2)
  5 rats
30 creatures vanquished.

Notes
Turn   | Place    | Note
-------+----------+-------------------------------------------
     0 | D:1      | GorkyZ the Demonspawn Fighter began the quest for the Orb.
     0 | D:1      | Reached XP level 1. HP: 18/18 MP: 1/1
   207 | D:1      | Gained mutation: Your touch may inflict minor irresistible
                  | damage on your foes. [demonic ancestry]
   207 | D:1      | Reached XP level 2. HP: 24/24 MP: 2/2
  1124 | D:2      | Identified the +3 ring mail of the Mantidfly {rC- rN++
                  | rCorr SInv}
  1136 | D:2      | Found a shadowy altar of Dithmenos.
  1220 | D:2      | Reached XP level 3. HP: 29/29 MP: 3/3
  1260 | D:2      | Noticed Natasha
  1274 | D:2      | Killed Natasha
  1275 | D:2      | Reached skill level 1 in Throwing
  1275 | D:2      | Reached skill level 1 in Evocations
  1635 | D:2      | Noticed Natasha
  1649 | D:2      | Slain by Natasha

Illustrated notes

Levels and vault maps discovered:
D:1:      onia_arrival_mini_spirals, layout_basic, hangedman_decor_slide_cut
D:2:      layout_loops_ring, basic_altar, nicolae_hexahallways, uniq_natasha

Skill      XL: |  1  2  3 |
---------------+----------+-----
Polearms       | 2 |  2.2
Shields        | 3 |  3.1
Throwing       | 1 |  1.0
Armour         | 3 |  3.0
Evocations     | 1 |  1.2
Fighting       | |  3.3

Action                   || total
-------------------------++-------
Melee: Demon trident     ||    94
       Trident           ||     3
Armor: Scale mail        ||    28
Dodge: Dodged            ||    36
Block: Buckler           ||    10
